 Dungeon Sprint DCSS version 0.15-a0-674-g7948ca6 (webtiles) character file.

138682 BluebellGnoll the Minotaur Barricade (level 16, -20/178 HPs)
             Began as a Minotaur Fighter on May 9, 2014.
             Was the Champion of Qazlal.
             Killed from afar by a Hell Sentinel (30 damage)
             ... with a blast of hellfire
             ... in the Dungeon (Sprint V: "Ziggurat Sprint").
             The game lasted 01:57:54 (3020 turns).

BluebellGnoll the Minotaur Barricade (MiFi)         Turns: 3020, Time: 01:57:54

HP -20/178       AC 40     Str 34      XL: 16   Next: 71%
MP   6/32        EV 10     Int  5      God: Qazlal [******]
Gold 0           SH 84     Dex 18      Spells:  0 memorised, 15 levels left

rFire  + . .     SeeInvis +     w - +12,+15 obsidian axe {chop, +Fly Str+3 SInv Curse}
rCold  + . .     Clarity  .     x - +15 Maxwell's patent armour {rCorr, Cons, -Cast -Tele MR+}
rNeg   + + +     Conserve +     y - +27 shield of the gong {rElec rN+ MR+ EV-5}
rPois  +         rCorr    +     (helmet restricted)
rElec  +         rRot     .     W - +2 cloak {rCorr, Cons}
SustAb + .       Spirit   .     (no gloves)
rMut   .         Warding  +     (no boots)
Saprov . . .     NoTele   +     M - amulet of Cekugob {Ward -Tele rElec rPois rN++ AC+1 EV+1}
MR     +++..     NoCast   +     R - ring of Trog's Vengeance {SustAb rC+ Dex+2}
                                t - +6 ring of strength

@: mesmerised, repel missiles, agile, lethally poisoned, protected from fire,
extremely resistant to hostile enchantments, extremely unstealthy
A: retaliatory headbutt, horns 2, blurry vision 1, weak 1
a: Upheaval, Elemental Force, Disaster Area, Renounce Religion, Evoke Flight


You were in the Dungeon.
You worshipped Qazlal.
Qazlal was exalted by your worship.
You were not hungry.

You visited 1 branch

Inventory:

Hand weapons
 w - the cursed +12,+15 obsidian axe (weapon) {chop, +Fly Str+3 SInv Curse}
   (You found it in the Dungeon)

   It inflicts extra damage upon your enemies.
   It affects your strength (+3).
   It enhances your eyesight.
   It lets you fly.
   It may recurse itself when equipped.
   It has a curse placed upon it.
Missiles
 a - 5 javelins of penetration (quivered)
 r - 9 javelins of returning
Armour
 x - the cursed +15 Maxwell's patent armour (worn) {rCorr, Cons, -Cast -Tele MR+}
   (You found it in the Dungeon)

   It affects your resistance to hostile enchantments.
   It prevents spellcasting.
   It prevents most forms of teleportation.
   It has a curse placed upon it.
 y - the +27 shield of the gong (worn) {rElec rN+ MR+ EV-5}
   (You found it in the Dungeon)

   It affects your evasion (-5).
   It insulates you from electricity.
   It protects you from negative energy.
   It affects your resistance to hostile enchantments.
 W - a +2 cloak of preservation (worn)
Magical devices
 l - a wand of disintegration (7)
 m - a wand of fire (14)
 n - a wand of cold (5)
 o - a wand of draining (5)
Comestibles
 d - 5 bread rations
 L - 4 meat rations
Scrolls
 k - 4 scrolls of blinking
 u - a scroll of brand weapon
 E - 2 scrolls of recharging
 F - 9 scrolls of fog
 G - 3 scrolls of holy word
 I - 5 scrolls of remove curse
 J - 2 scrolls of fear
 N - 7 scrolls of enchant armour
Jewellery
 j - the ring of the Mage {Wiz MR++ Int+3}
   (You found it in the Dungeon)

   [ring of wizardry]

   It improves your spell success rate.
   It affects your intelligence (+3).
   It affects your resistance to hostile enchantments.
 q - an uncursed amulet of clarity
 s - a +6 ring of intelligence
 t - a +6 ring of strength (left hand)
 B - the ring "Trusted Companion" {rPois Dam+3 SInv}
   (You took it off a skeletal warrior in the Dungeon)

   [ring of poison resistance]

   It affects your damage with ranged weapons and melee attacks (+3).
   It protects you from poison.
   It enhances your eyesight.
 M - the amulet of Cekugob (around neck) {Ward -Tele rElec rPois rN++ AC+1 EV+1}
   (You found it in the Dungeon)

   [amulet of warding]

   It may prevent the melee attacks of summoned creatures.
   It affects your AC (+1).
   It affects your evasion (+1).
   It insulates you from electricity.
   It protects you from poison.
   It greatly protects you from negative energy.
   It prevents most forms of teleportation.
 O - the amulet "Zat Teh" {Gourm Dex+4 Int+3}
   (You found it in the Dungeon)

   [amulet of the gourmand]

   It allows you to eat raw meat even when not hungry.
   It affects your intelligence (+3).
   It affects your dexterity (+4).
 R - the ring of Trog's Vengeance (right hand) {SustAb rC+ Dex+2}
   (You found it in the Dungeon)

   [ring of sustain abilities]

   It sustains your strength, intelligence and dexterity.
   It affects your dexterity (+2).
   It protects you from cold.
 S - the cursed ring of Ileukez {rF+ rC+}
   (You found it in the Dungeon)

   [ring of protection from fire]

   It protects you from fire.
   It protects you from cold.
   It has a curse placed upon it.
 U - a +1 ring of dexterity
 V - the ring of Xihynn {rC+ rN+ Int+3 SInv}
   (You found it in the Dungeon)

   [ring of see invisible]

   It affects your intelligence (+3).
   It protects you from cold.
   It protects you from negative energy.
   It enhances your eyesight.
Potions
 c - 2 potions of invisibility
 e - 4 potions of might
 f - 10 potions of curing
 g - 7 potions of heal wounds
 h - 8 potions of haste
 i - 6 potions of magic
 z - 2 potions of restore abilities
 A - 4 potions of resistance
 C - 3 potions of agility
 K - 3 potions of berserk rage
Miscellaneous
 b - a stone of tremors
 p - a fan of gales
 v - a disc of storms
 D - a disc of storms
 H - a disc of storms
 Q - a disc of storms
 T - a phial of floods
 X - a phial of floods
 Y - a lamp of fire
 Z - a disc of storms


   Skills:
 - Level 25.1 Fighting
 - Level 24.1 Axes
 - Level 15.3 Throwing
 + Level 23.8 Armour
 O Level 27 Shields
 - Level 17.4 Invocations
 + Level 14.5 Evocations


You had 15 spell levels left.
You didn't know any spells.

Dungeon Overview and Level Annotations

Branches:
Dungeon (1/1)

Altars:
Ashenzari
Cheibriados
Dithmenos
Elyvilon
Fedhas
Gozag
Kikubaaqudgha
Makhleb
Nemelex Xobeh
Okawaru
Qazlal
Sif Muna
Trog
Vehumet
Xom
Yredelemnul
Zin
The Shining One
Beogh
Jiyva
Lugonu


Innate Abilities, Weirdness & Mutations

You reflexively headbutt those who attack you in melee.
You have a pair of horns on your head.
Your vision is a little blurry.
You are weak. (Str -2)


Message History

You kill the iron imp!
Qazlal accepts your kill.
The blast of magma engulfs the ice devil.
The ice devil is burned terribly!
You kill the ice devil!
Qazlal accepts your kill.
The blast of magma engulfs the tormentor.
The tormentor partially resists.
You kill the tormentor!
Qazlal accepts your kill.
Visions of slaying the hellion flood into your mind.
* * * LOW HITPOINT WARNING * * *
You feel sick. You block the hellion's attack.
BOUMMMMG!
The Hell Sentinel gestures at you.
The hellfire explodes!
The blast of hellfire engulfs you!
Your resistance to physical damage fades away.
You feel protected from fire.
One of your 3 scrolls of recharging catches fire!
You die...

▓▓▓▓▓▓▓▓▓▓▓▓▓▓▓▓.[
.....8©8.......▓().).
)..§§=§)).[:)=.▓.((((=
[|?§§..:|)|))..▓§.).(..
:.....)))||[[:.▓.....5(. ...
...............▓.))≈...5. .......
...............▓.)≈≈.≈Z..........
...............▓12≈≈≈z...........
...............▓@§2≈)............
...............▓§.4)..Z..........
...............▓..§.§≈...........
.....).|.......▓≈..≈§≈≈..........
...............▓.§§§.§...........
..▓)}.....▓....▓.§≈§▓≈≈.......▓..
.▓.▓..[..▓.▓...▓§§.▓▓▓.......▓▓▓.
..▓..))|.)▓....▓....▓.........▓..
.....))|)......▓.................


You could see a Hell Sentinel, a reaper, a skeletal warrior, a hellion, a red
devil, 2 iron imps, a giant newt zombie and an adder zombie.

Vanquished Creatures
  2 ancient liches (D)
  3 liches (D)
  2 acid blobs (D)
  3 shadow dragons (D)
  2 azure jellies (D)
  4 greater nagas (D)
  An emperor scorpion (D)
  9 ghouls (D)
  3 ghost moths (D)
  4 reapers (D)
  2 stone giants (D)
  10 vampire knights (D)
  8 vault guards (D)
  3 death oozes (D)
  4 merfolk javelineers (D)
  2 merfolk impalers (D)
  An ice dragon (D)
  3 naga warriors (D)
  2 merfolk aquamancers (D)
  3 anacondas (D)
  A hell hog (D)
  4 vampire magi (D)
  3 sun demons (D)
  2 soul eaters (D)
  A shadow wraith (D)
  10 skeletal warriors (D)
  3 ice devils (D)
  A large abomination (D)
  3 flayed ghosts (D)
  A hell knight (D)
  A deep elf summoner (D)
  2 sea snakes (D)
  A water nymph (shapeshifter) (D)
  A mana viper (shapeshifter) (D)
  A deep elf conjurer (D)
  8 necromancers (D)
  3 wolf spiders (D)
  6 red wasps (D)
  3 water nymphs (D)
  5 draconians (D)
  An orc sorcerer (D)
  2 sixfirhies (D)
  2 phantasmal warriors (D)
  A manticore (D)
  A worldbinder (D)
  An elephant (shapeshifter) (D)
  3 shining eyes (D)
  4 black mambas (D)
  2 eyes of devastation (D)
  2 guardian serpents (D)
  A smoke demon (D)
  A moth of wrath (D)
  An orange demon (D)
  7 tormentors (D)
  6 naga magi (D)
  A spiny frog (shapeshifter) (D)
  2 yaktaurs (D)
  10 demonic crawlers (D)
  A freezing wraith (D)
  A red devil (D)
  4 blue devils (D)
  3 ghoul skeletons (D)
  2 hellwings (D)
  6 air elementals (D)
  2 merfolk (D)
  2 iron devils (D)
  10 water elementals (D)
  A merfolk (shapeshifter) (D)
  4 jumping spiders (D)
  An efreet (D)
  A wind drake (D)
  3 slime creatures (D)
  A snapping turtle (D)
  A brown ooze (shapeshifter) (D)
  9 shadows (D)
  6 vampires (D)
  A redback (D)
  2 deep elf magi (D)
  5 brown oozes (D)
  3 tarantellas (D)
  2 flying skulls (D)
  2 ynoxinuls (D)
  12 fire elementals (D)
  A hippogriff (D)
  4 wraiths (D)
  A hippogriff (shapeshifter) (D)
  A deep elf fighter (D)
  A hungry ghost (D)
  A vampire mosquito (D)
  2 ugly things (D)
  7 neqoxecs (D)
  2 golden eyes (D)
  4 chaos spawn (D)
  3 nagas (D)
  3 human zombies (D)
  2 water moccasins (D)
  2 phantoms (D)
  3 orc warriors (D)
  7 necrophages (D)
  4 spiders (D)
  4 yellow wasps (D)
  A scorpion (D)
  An eye of draining (D)
  20 wights (D)
  4 jellies (D)
  6 iron imps (D)
  2 orc priests (D)
  3 orc wizards (D)
  2 quasits (D)
  A necrophage skeleton (D)
  3 mummies (D)
  4 adders (D)
  A shadow imp (D)
  3 white imps (D)
  6 ufetubi (D)
  A chimera (D)
  3 adder skeletons (D)
  2 adder zombies (D)
  2 giant eyeballs (D)
  4 orcs (D)
  A bat zombie (D)
  A giant mite zombie (D)
  A goblin (D)
  3 oozes (D)
  2 giant newt skeletons (D)
  A giant newt zombie (D)
  A goblin skeleton (D)
  3 goblin zombies (D)
  3 hobgoblin skeletons (D)
  4 hobgoblin zombies (D)
  A jackal skeleton (D)
  A jackal zombie (D)
  A kobold skeleton (D)
  A kobold zombie (D)
  2 quokka skeletons (D)
  A quokka zombie (D)
  A rat (D)
  2 rat skeletons (D)
  A rat zombie (D)
  A butterfly (D)
  A starspawn tentacle (D)
418 creatures vanquished.

Vanquished Creatures (collateral kills)
  A tentacled starspawn (D)
  A greater naga (D)
  2 ghouls (D)
  A merfolk javelineer (D)
  A merfolk aquamancer (D)
  2 vampire magi (D)
  A very ugly thing (D)
  A skeletal warrior (D)
  An ice devil (D)
  A large abomination (D)
  3 orb spiders (D)
  A giant orange brain (D)
  2 necromancers (D)
  A shining eye (D)
  A tormentor (D)
  2 yaktaurs (D)
  A demonic crawler (D)
  A naga mage (D)
  2 brown oozes (D)
  A snapping turtle (D)
  A raiju (D)
  A trapdoor spider (D)
  5 shadows (D)
  A tarantella (D)
  2 water elementals (D)
  A wraith (D)
  A hungry ghost (D)
  A vampire (D)
  A small abomination (D)
  A human zombie (D)
  4 necrophages (D)
  An orc warrior (D)
  2 yellow wasps (D)
  2 water moccasins (D)
  An ice beast (D)
  8 wights (D)
  A crimson imp (D)
  A mummy (D)
  4 white imps (D)
  An adder zombie (D)
  An adder skeleton (D)
  An ooze (shapeshifter) (D)
  An ooze (D)
  A ball python (D)
  A giant newt skeleton (D)
  A giant newt zombie (D)
  3 goblin skeletons (D)
  A goblin zombie (D)
  A hobgoblin skeleton (D)
  A kobold skeleton (D)
  A kobold zombie (D)
  A quokka simulacrum (D)
  A quokka zombie (D)
  A rat (D)
  2 rat skeletons (D)
  2 rat zombies (D)
87 creatures vanquished.

Vanquished Creatures (others)
  A vault guard (D)
  2 ice devils (D)
  2 sun demons (D)
  A sixfirhy (D)
  A smoke demon (D)
  17 water elementals (D)
  An orange demon (D)
  A black mamba (D)
  A hellwing (D)
  A blue devil (D)
  19 fire elementals (D)
  7 air elementals (D)
  An earth elemental (D)
  A neqoxec (D)
  A wight (D)
  2 ufetubi (D)
  2 starspawn tentacles (D)
61 creatures vanquished.

Grand Total: 566 creatures vanquished

Notes
Turn   | Place    | Note
--------------------------------------------------------------
     0 | D        | BluebellGnoll, the Minotaur Fighter, began the quest for the Orb.
     0 | D        | Reached XP level 1. HP: 19/19 MP: 1/1
     0 | D        | Found a roughly hewn altar of Beogh.
     0 | D        | Found a corrupted altar of Lugonu.
     1 | D        | Found a white marble altar of Elyvilon.
     2 | D        | Found a sparkling altar of Nemelex Xobeh.
     2 | D        | Found a burning altar of Makhleb.
     2 | D        | Found a deep blue altar of Sif Muna.
     3 | D        | Found a bloodstained altar of Trog.
     6 | D        | Found an iron altar of Okawaru.
    12 | D        | Found a radiant altar of Vehumet.
    48 | D        | Found an ancient bone altar of Kikubaaqudgha.
    48 | D        | Found a basalt altar of Yredelemnul.
    49 | D        | Found a shimmering altar of Xom.
   125 | D        | Became a worshipper of Qazlal Stormbringer
   126 | D        | Reached skill level 9 in Armour
   126 | D        | Reached XP level 2. HP: 26/26 MP: 1/1
   137 | D        | Entered arena 1.
   137 | D        | Noticed an orc priest
   141 | D        | Killed an orc priest
   141 | D        | Reached skill level 5 in Axes
   141 | D        | Reached XP level 3. HP: 31/31 MP: 2/2
   148 | D        | Entered arena 2.
   148 | D        | Noticed an orc wizard
   153 | D        | Acquired Qazlal's first power
   153 | D        | Killed an orc wizard
   153 | D        | Reached XP level 4. HP: 39/39 MP: 2/2
   166 | D        | Entered arena 3.
   166 | D        | Noticed a water moccasin
   168 | D        | Acquired Qazlal's second power
   169 | D        | Killed a water moccasin
   169 | D        | Reached XP level 5. HP: 43/52 MP: 2/2
   221 | D        | Entered arena 4.
   221 | D        | Noticed a phantom
   221 | D        | Noticed a necrophage
   221 | D        | Noticed a phantom
   221 | D        | Noticed a necrophage
   225 | D        | Killed a necrophage
   225 | D        | Acquired Qazlal's third power
   225 | D        | Reached skill level 10 in Axes
   225 | D        | Reached XP level 6. HP: 60/60 MP: 3/3
   226 | D        | Killed a phantom
   226 | D        | Reached skill level 11 in Axes
   227 | D        | Killed a phantom
   227 | D        | Reached skill level 12 in Axes
   227 | D        | Killed a necrophage
   227 | D        | Reached skill level 13 in Axes
   227 | D        | Reached XP level 7. HP: 66/66 MP: 3/3
   241 | D        | Entered arena 5.
   241 | D        | Noticed a draconian
   241 | D        | Noticed a draconian
   241 | D        | Noticed a draconian
   241 | D        | Noticed a draconian
   241 | D        | Noticed a draconian
   246 | D        | Killed a draconian
   246 | D        | Acquired Qazlal's fourth power
   246 | D        | Reached skill level 5 in Invocations
   246 | D        | Reached skill level 5 in Evocations
   247 | D        | Killed a draconian
   247 | D        | Reached XP level 8. HP: 66/73 MP: 3/14
   249 | D        | Killed a draconian
   252 | D        | Killed a draconian
   252 | D        | Reached XP level 9. HP: 71/79 MP: 3/19
   254 | D        | Killed a draconian
   254 | D        | Reached skill level 10 in Invocations
   254 | D        | Reached skill level 10 in Evocations
   277 | D        | Entered arena 6.
   277 | D        | Noticed an eye of draining
   277 | D        | Noticed a jelly
   277 | D        | Noticed an eye of devastation
   277 | D        | Noticed a jelly
   277 | D        | Noticed a shining eye
   277 | D        | Noticed an eye of devastation
   278 | D        | Gained mutation: You are weak. (Str -2) [a shining eye]
   281 | D        | Killed a jelly
   281 | D        | Killed a jelly
   281 | D        | Acquired Qazlal's fifth power
   285 | D        | Killed an eye of devastation
   285 | D        | Reached skill level 10 in Armour
   287 | D        | Killed a shining eye
   288 | D        | Killed an eye of draining
   288 | D        | Killed an eye of devastation
   288 | D        | Reached skill level 10 in Shields
   292 | D        | Got the ring of Trog's Vengeance {SustAb rC+ Dex+2}
   404 | D        | Entered arena 7.
   404 | D        | Noticed a deep elf mage
   404 | D        | Noticed a deep elf conjurer
   404 | D        | Noticed an orc sorcerer
   404 | D        | Noticed a deep elf mage
   404 | D        | Noticed a deep elf summoner
   404 | D        | Noticed a deep elf fighter
   406 | D        | Killed a deep elf mage
   407 | D        | Killed a deep elf mage
   407 | D        | Killed an orc sorcerer
   407 | D        | Reached skill level 14 in Axes
   407 | D        | Reached XP level 10. HP: 86/91 MP: 12/21
   409 | D        | Killed a deep elf summoner
   409 | D        | Reached skill level 10 in Fighting
   410 | D        | Killed a deep elf fighter
   411 | D        | Killed a deep elf conjurer
   411 | D        | Reached skill level 15 in Axes
   482 | D        | Entered arena 8.
   482 | D        | Noticed a small abomination
   482 | D        | Noticed a worldbinder
   482 | D        | Noticed a quasit
   482 | D        | Noticed a raiju
   482 | D        | Noticed an orange demon
   482 | D        | Noticed a large abomination
   484 | D        | Killed an orange demon
   484 | D        | Killed a large abomination
   484 | D        | Killed a quasit
   486 | D        | Killed a worldbinder
   486 | D        | Reached skill level 16 in Axes
   488 | D        | Killed a small abomination
   488 | D        | Killed a raiju
   567 | D        | Entered arena 9.
   567 | D        | Noticed an orc warrior
   567 | D        | Noticed an orc warrior
   567 | D        | Noticed an orc priest
   567 | D        | Noticed an orc warrior
   567 | D        | Noticed an orc wizard
   567 | D        | Noticed an orc wizard
   567 | D        | Noticed an orc warrior
   568 | D        | Killed an orc priest
   568 | D        | Killed an orc warrior
   568 | D        | Killed an orc wizard
   571 | D        | Killed an orc warrior
   573 | D        | Killed an orc warrior
   573 | D        | Killed an orc wizard
   574 | D        | Killed an orc warrior
   599 | D        | Entered arena 10.
   599 | D        | Noticed a neqoxec
   599 | D        | Noticed a tentacled starspawn
   599 | D        | Noticed a crimson imp
   599 | D        | Noticed a large abomination
   599 | D        | Noticed a quasit
   599 | D        | Noticed an efreet
   599 | D        | Noticed an iron imp
   601 | D        | Killed a quasit
   602 | D        | Killed an iron imp
   605 | D        | Killed an efreet
   607 | D        | Killed a neqoxec
   608 | D        | Killed a tentacled starspawn
   608 | D        | Reached skill level 15 in Shields
   608 | D        | Reached XP level 11. HP: 80/101 MP: 18/21
   609 | D        | Killed a large abomination
   614 | D        | Killed a crimson imp
   621 | D        | Identified the Compendium of Enchantment and Confrontation (You found it in the Dungeon)
   621 | D        | Identified the Compendium of Enchantment and Confrontation (You found it in the Dungeon)
   635 | D        | Entered arena 11.
   635 | D        | Noticed a giant orange brain
   635 | D        | Noticed a brown ooze
   635 | D        | Noticed a brown ooze
   635 | D        | Noticed a jelly
   635 | D        | Noticed a jelly
   635 | D        | Noticed a death ooze
   635 | D        | Noticed an acid blob
   635 | D        | Noticed a slime creature
   636 | D        | Noticed a brown ooze
   636 | D        | Killed a jelly
   637 | D        | Noticed a death ooze
   638 | D        | Killed a brown ooze
   638 | D        | Killed a death ooze
   638 | D        | Reached skill level 17 in Shields
   640 | D        | Killed a death ooze
   640 | D        | Reached skill level 18 in Shields
   640 | D        | Killed an acid blob
   640 | D        | Reached skill level 19 in Shields
   643 | D        | Killed a slime creature
   644 | D        | Killed a jelly
   644 | D        | Killed a brown ooze
   644 | D        | Killed a brown ooze
   648 | D        | Killed a giant orange brain
   648 | D        | Reached skill level 20 in Shields
   654 | D        | Identified the Reference Book on Weightlessness (You found it in the Dungeon)
   658 | D        | Entered arena 12.
   658 | D        | Noticed a snapping turtle
   658 | D        | Noticed a merfolk javelineer
   658 | D        | Noticed a merfolk aquamancer
   658 | D        | Noticed a sea snake
   658 | D        | Noticed a water nymph
   658 | D        | Noticed a merfolk javelineer
   658 | D        | Noticed a merfolk impaler
   658 | D        | Noticed a merfolk aquamancer
   658 | D        | Noticed a sea snake
   658 | D        | Noticed a wind drake
   658 | D        | Noticed a snapping turtle
   658 | D        | Noticed a merfolk
   658 | D        | Noticed a merfolk javelineer
   658 | D        | Noticed a water nymph
   658 | D        | Noticed a merfolk aquamancer
   658 | D        | Noticed a merfolk
   658 | D        | Noticed a merfolk javelineer
   658 | D        | Noticed a merfolk impaler
   658 | D        | Noticed a merfolk javelineer
   658 | D        | Noticed a manticore
   661 | D        | Killed a manticore
   663 | D        | Noticed a water nymph
   663 | D        | Killed a merfolk
   663 | D        | Killed a merfolk impaler
   664 | D        | Killed a merfolk aquamancer
   664 | D        | Reached skill level 21 in Shields
   664 | D        | Reached XP level 12. HP: 78/108 MP: 23/23
   665 | D        | Killed a merfolk javelineer
   667 | D        | Killed a merfolk aquamancer
   667 | D        | Reached skill level 22 in Shields
   668 | D        | Killed a water nymph
   669 | D        | Killed a sea snake
   669 | D        | Killed a merfolk javelineer
   669 | D        | Killed a water nymph
   669 | D        | Reached skill level 23 in Shields
   669 | D        | Killed a merfolk impaler
   671 | D        | Killed a merfolk
   673 | D        | Killed a wind drake
   676 | D        | Killed a water nymph
   679 | D        | Killed a sea snake
   679 | D        | Reached skill level 24 in Shields
   680 | D        | Noticed a hippogriff
   680 | D        | Killed a merfolk javelineer
   681 | D        | Killed a merfolk javelineer
   681 | D        | Killed a merfolk javelineer
   683 | D        | Killed a merfolk aquamancer
   683 | D        | Reached skill level 25 in Shields
   685 | D        | Killed a snapping turtle
   686 | D        | Killed a hippogriff
   686 | D        | Killed a snapping turtle
   748 | D        | Got the ring of Ileukez {rF+ rC+}
   993 | D        | Entered arena 13.
   993 | D        | Noticed a necromancer
   993 | D        | Noticed a vampire knight
   993 | D        | Noticed a vampire mage
   994 | D        | Noticed a shadow
   995 | D        | Noticed a wight
   997 | D        | Noticed a vampire knight
   997 | D        | Noticed a necrophage
   999 | D        | Noticed a wight
   999 | D        | Noticed a wight
  1000 | D        | Killed a vampire mage
  1000 | D        | Reached skill level 1 in Throwing
  1001 | D        | Killed a shadow
  1001 | D        | Killed a vampire knight
  1002 | D        | Killed a wight
  1002 | D        | Killed a wight
  1006 | D        | Killed a necromancer
  1007 | D        | Killed a vampire knight
  1007 | D        | Reached XP level 13. HP: 109/119 MP: 8/23
  1008 | D        | Killed a necrophage
  1009 | D        | Killed a wight
  1039 | D        | Identified Ojo Hits' Volume of Unholy Rituals and Illusion (You found it in the Dungeon)
  1041 | D        | Got the amulet "Zat Teh" {Gourm Dex+4 Int+3}
  1094 | D        | Entered arena 14.
  1094 | D        | Noticed an ice beast
  1095 | D        | Noticed a skeletal warrior
  1095 | D        | Noticed a shadow
  1095 | D        | Noticed a wraith
  1095 | D        | Noticed a vampire
  1095 | D        | Noticed an ice dragon
  1096 | D        | Noticed a freezing wraith
  1096 | D        | Noticed a flying skull
  1097 | D        | Killed a flying skull
  1099 | D        | Killed a shadow
  1100 | D        | Killed a vampire
  1101 | D        | Noticed an ice devil
  1105 | D        | Killed an ice beast
  1106 | D        | Killed an ice dragon
  1109 | D        | Killed a freezing wraith
  1114 | D        | Killed an ice devil
  1114 | D        | Killed a wraith
  1119 | D        | Killed a skeletal warrior
  1119 | D        | Reached skill level 5 in Throwing
  1128 | D        | Got the ring of Xihynn {rC+ rN+ Int+3 SInv}
  1138 | D        | Entered arena 15.
  1138 | D        | Noticed a shadow
  1139 | D        | Noticed a skeletal warrior
  1141 | D        | Noticed a wight
  1145 | D        | Killed a shadow
  1147 | D        | Killed a wight
  1155 | D        | Killed a skeletal warrior
  1215 | D        | Entered arena 16.
  1221 | D        | Noticed a brown ugly thing
  1221 | D        | Noticed a shock serpent
  1221 | D        | Noticed a water nymph
  1221 | D        | Noticed a neqoxec
  1221 | D        | a water nymph changed into an elephant
  1222 | D        | Noticed a neqoxec
  1222 | D        | Noticed a mermaid
  1222 | D        | Noticed a red ugly thing
  1222 | D        | Noticed a hippogriff
  1222 | D        | a shock serpent changed into a shining eye
  1223 | D        | Noticed a cyan very ugly thing
  1223 | D        | Noticed a spiny frog
  1223 | D        | Noticed a brown ooze
  1223 | D        | Killed a neqoxec
  1223 | D        | Killed a brown ugly thing
  1224 | D        | Killed a hippogriff
  1225 | D        | Noticed a shining eye
  1227 | D        | Killed a spiny frog
  1230 | D        | Gained mutation: Your vision is a little blurry. [a neqoxec]
  1231 | D        | Noticed a neqoxec
  1231 | D        | Killed a shining eye
  1232 | D        | Killed a brown ooze
  1238 | D        | Killed a red ugly thing
  1241 | D        | Killed a neqoxec
  1242 | D        | Killed a white very ugly thing
  1247 | D        | Killed a neqoxec
  1248 | D        | a mermaid changed into a mana viper
  1308 | D        | Entered arena 17.
  1310 | D        | Noticed a vault guard
  1312 | D        | Noticed a vault guard
  1312 | D        | Noticed a vault guard
  1313 | D        | Noticed a vault guard
  1314 | D        | Noticed a shadow dragon
  1314 | D        | Noticed a yaktaur
  1316 | D        | Noticed a vault guard
  1316 | D        | Noticed a shadow dragon
  1316 | D        | Noticed a stone giant
  1317 | D        | Noticed a vault guard
  1318 | D        | Noticed a yaktaur
  1320 | D        | Noticed a vault guard
  1320 | D        | Noticed a yaktaur
  1320 | D        | Killed a vault guard
  1321 | D        | Noticed a vault guard
  1321 | D        | Noticed a vault guard
  1321 | D        | Killed a vault guard
  1321 | D        | Killed a vault guard
  1322 | D        | Noticed a yaktaur
  1324 | D        | Noticed a stone giant
  1328 | D        | Killed a shadow dragon
  1329 | D        | Killed a vault guard
  1329 | D        | Killed a yaktaur
  1334 | D        | Noticed a shadow dragon
  1336 | D        | Killed a stone giant
  1336 | D        | Reached skill level 15 in Fighting
  1338 | D        | Killed a shadow dragon
  1341 | D        | Killed a vault guard
  1349 | D        | Killed a shadow dragon
  1351 | D        | Killed a vault guard
  1351 | D        | Killed a vault guard
  1352 | D        | Killed a vault guard
  1352 | D        | Killed a yaktaur
  1356 | D        | Killed a yaktaur
  1357 | D        | Killed a vault guard
  1357 | D        | Reached XP level 14. HP: 115/137 MP: 5/24
  1357 | D        | Killed a stone giant
  1364 | D        | Killed a yaktaur
  1394 | D        | Identified the Catalogue of the Shifting Traveller (You found it in the Dungeon)
  1455 | D        | Entered arena 18.
  1461 | D        | Noticed a brown ooze
  1461 | D        | Noticed a slime creature
  1461 | D        | Noticed a brown ooze
  1461 | D        | Noticed a golden eye
  1463 | D        | Noticed an acid blob
  1463 | D        | Noticed a death ooze
  1465 | D        | Killed a golden eye
  1467 | D        | Killed a brown ooze
  1468 | D        | Killed a brown ooze
  1469 | D        | Killed a slime creature
  1470 | D        | Noticed a brown ooze
  1471 | D        | Noticed an azure jelly
  1471 | D        | Killed a death ooze
  1472 | D        | Noticed a golden eye
  1472 | D        | Noticed a shining eye
  1472 | D        | Killed an acid blob
  1473 | D        | Noticed an azure jelly
  1474 | D        | Noticed a shining eye
  1476 | D        | Noticed a slime creature
  1477 | D        | Killed a shining eye
  1478 | D        | Killed a shining eye
  1479 | D        | Killed an azure jelly
  1479 | D        | Paralysed by a giant eyeball for 4 turns
  1480 | D        | Noticed a brown ooze
  1481 | D        | Killed a golden eye
  1481 | D        | Killed a brown ooze
  1483 | D        | Killed an azure jelly
  1486 | D        | Killed a brown ooze
  1504 | D        | Paralysed by a giant eyeball for 2 turns
  1507 | D        | Paralysed by a giant eyeball for 3 turns
  1512 | D        | Killed a slime creature
  1634 | D        | Entered arena 19.
  1641 | D        | Noticed a yellow wasp
  1641 | D        | Noticed a tarantella
  1642 | D        | Noticed a red wasp
  1642 | D        | Noticed a wolf spider
  1643 | D        | Noticed a demonic crawler
  1643 | D        | Noticed a red wasp
  1643 | D        | Noticed a ghost moth
  1643 | D        | Noticed a demonic crawler
  1643 | D        | Killed a yellow wasp
  1644 | D        | Noticed a jumping spider
  1644 | D        | Noticed a spider
  1645 | D        | Killed a spider
  1646 | D        | Noticed an orb spider
  1647 | D        | Noticed a demonic crawler
  1647 | D        | Killed a red wasp
  1647 | D        | Killed a demonic crawler
  1648 | D        | Killed a wolf spider
  1649 | D        | Killed a ghost moth
  1650 | D        | Noticed a demonic crawler
  1650 | D        | Killed a tarantella
  1651 | D        | Killed a demonic crawler
  1652 | D        | Noticed a red wasp
  1652 | D        | Noticed a jumping spider
  1652 | D        | Noticed a jumping spider
  1653 | D        | Noticed a tarantella
  1653 | D        | Noticed a red wasp
  1653 | D        | Killed a jumping spider
  1653 | D        | Killed a red wasp
  1654 | D        | Noticed a demonic crawler
  1654 | D        | Noticed a yellow wasp
  1654 | D        | Noticed a moth of wrath
  1655 | D        | Killed a jumping spider
  1655 | D        | Killed a demonic crawler
  1656 | D        | Noticed a wolf spider
  1658 | D        | Killed a demonic crawler
  1658 | D        | Killed a moth of wrath
  1659 | D        | Killed a red wasp
  1661 | D        | Killed a demonic crawler
  1662 | D        | Killed a red wasp
  1662 | D        | Killed a jumping spider
  1665 | D        | Killed a tarantella
  1667 | D        | Killed a wolf spider
  1667 | D        | Killed a yellow wasp
  1668 | D        | Killed an orb spider
  1695 | D        | Identified Croesiru's Advanced Witchcraft (You found it in the Dungeon)
  1789 | D        | Entered arena 20.
  1796 | D        | Noticed a yellow wasp
  1796 | D        | Noticed a spider
  1796 | D        | Noticed a spider
  1797 | D        | Noticed a trapdoor spider
  1797 | D        | Noticed a ghost moth
  1797 | D        | Noticed a tarantella
  1797 | D        | Noticed a red wasp
  1797 | D        | Noticed a red wasp
  1797 | D        | Noticed a tarantella
  1798 | D        | Noticed an emperor scorpion
  1798 | D        | Noticed a demonic crawler
  1799 | D        | Noticed a demonic crawler
  1799 | D        | Noticed a yellow wasp
  1799 | D        | Noticed a ghost moth
  1800 | D        | Noticed a demonic crawler
  1800 | D        | Killed a yellow wasp
  1800 | D        | Killed a yellow wasp
  1801 | D        | Noticed a demonic crawler
  1801 | D        | Noticed an orb spider
  1802 | D        | Noticed a wolf spider
  1802 | D        | Killed a tarantella
  1803 | D        | Noticed a demonic crawler
  1803 | D        | Killed a spider
  1804 | D        | Noticed a demonic crawler
  1805 | D        | Noticed a jumping spider
  1805 | D        | Killed a ghost moth
  1805 | D        | Killed a red wasp
  1806 | D        | Noticed an orb spider
  1808 | D        | Noticed a scorpion
  1808 | D        | Noticed a yellow wasp
  1808 | D        | Noticed a redback
  1809 | D        | Killed a demonic crawler
  1810 | D        | Killed a demonic crawler
  1810 | D        | Killed a red wasp
  1811 | D        | Killed an emperor scorpion
  1812 | D        | Killed a spider
  1812 | D        | Killed a trapdoor spider
  1814 | D        | Killed a ghost moth
  1815 | D        | Killed a jumping spider
  1816 | D        | Killed a demonic crawler
  1817 | D        | Killed a yellow wasp
  1819 | D        | Killed a tarantella
  1821 | D        | Killed a wolf spider
  1823 | D        | Killed a demonic crawler
  1823 | D        | Reached skill level 15 in Armour
  1824 | D        | Killed a redback
  1825 | D        | Killed a demonic crawler
  1826 | D        | Killed an orb spider
  1827 | D        | Killed a demonic crawler
  1827 | D        | Killed a scorpion
  1833 | D        | Killed an orb spider
  1848 | D        | Got the amulet "Amnuo" {Faith MR+ SInv}
  1943 | D        | Entered arena 21.
  1950 | D        | Noticed a wight
  1950 | D        | Killed a wight
  1952 | D        | Noticed a necromancer
  1952 | D        | Noticed a wight
  1954 | D        | Noticed a vampire knight
  1954 | D        | Killed a necromancer
  1955 | D        | Noticed an ancient lich
  1957 | D        | Noticed a wight
  1957 | D        | Noticed a necromancer
  1959 | D        | Noticed a ghoul
  1959 | D        | Killed a wight
  1960 | D        | Noticed a vampire
  1960 | D        | Noticed a necromancer
  1962 | D        | Noticed a necromancer
  1962 | D        | Killed a vampire knight
  1964 | D        | Noticed an ancient lich
  1964 | D        | Noticed a wight
  1964 | D        | Noticed a vampire knight
  1965 | D        | Noticed a wight
  1965 | D        | Killed a necromancer
  1965 | D        | Killed a vampire
  1966 | D        | Noticed a lich
  1966 | D        | Killed a necromancer
  1966 | D        | Killed a wight
  1970 | D        | Noticed a vampire
  1972 | D        | Noticed a wight
  1972 | D        | Noticed a wight
  1972 | D        | Noticed a wight
  1973 | D        | Noticed a vampire mage
  1974 | D        | Killed a wight
  1976 | D        | Noticed a skeletal warrior
  1978 | D        | Noticed a wight
  1978 | D        | Killed a ghoul
  1978 | D        | Killed an ancient lich
  1978 | D        | Reached skill level 10 in Throwing
  1978 | D        | Reached XP level 15. HP: 130/157 MP: 8/29
  1980 | D        | Noticed a vampire
  1981 | D        | Killed a vampire knight
  1982 | D        | Killed a wight
  1983 | D        | Noticed a ghoul
  1983 | D        | Killed a lich
  1983 | D        | Killed a wight
  1984 | D        | Killed a necromancer
  1989 | D        | Killed a vampire
  1990 | D        | Killed an ancient lich
  1992 | D        | Killed a skeletal warrior
  1997 | D        | Killed a wight
  1998 | D        | Killed a wight
  2001 | D        | Killed a wight
  2001 | D        | Killed a vampire
  2002 | D        | Killed a vampire mage
  2006 | D        | Killed a ghoul
  2045 | D        | Got the ring "Shakojerah" {-Tele rN+}
  2111 | D        | Entered arena 22.
  2117 | D        | Noticed a naga warrior
  2117 | D        | Noticed a naga warrior
  2117 | D        | Noticed a naga warrior
  2118 | D        | Noticed a naga mage
  2118 | D        | Noticed a greater naga
  2118 | D        | Noticed a guardian serpent
  2119 | D        | Noticed an anaconda
  2119 | D        | Noticed a water moccasin
  2119 | D        | Noticed a black mamba
  2119 | D        | Noticed a guardian serpent
  2119 | D        | Noticed a greater naga
  2119 | D        | Noticed a naga mage
  2120 | D        | Noticed a greater naga
  2120 | D        | Noticed a naga
  2120 | D        | Noticed a greater naga
  2120 | D        | Noticed an anaconda
  2121 | D        | Noticed a black mamba
  2121 | D        | Noticed a black mamba
  2121 | D        | Noticed a greater naga
  2121 | D        | Noticed an anaconda
  2121 | D        | Noticed a naga mage
  2121 | D        | Noticed a naga
  2122 | D        | Noticed a naga mage
  2122 | D        | Noticed a water moccasin
  2122 | D        | Noticed a black mamba
  2123 | D        | Noticed a naga
  2124 | D        | Noticed a black mamba
  2124 | D        | Noticed a naga mage
  2124 | D        | Noticed a naga mage
  2124 | D        | Killed a black mamba
  2125 | D        | Killed an anaconda
  2126 | D        | Noticed a water moccasin
  2126 | D        | Killed a guardian serpent
  2126 | D        | Killed a water moccasin
  2126 | D        | Killed a naga mage
  2128 | D        | Killed a black mamba
  2128 | D        | Killed a guardian serpent
  2128 | D        | Killed a water moccasin
  2129 | D        | Noticed a naga mage
  2129 | D        | Killed a black mamba
  2129 | D        | Killed a greater naga
  2129 | D        | Killed a naga mage
  2129 | D        | Killed a water moccasin
  2130 | D        | Killed a naga
  2130 | D        | Killed an anaconda
  2131 | D        | Killed a naga mage
  2132 | D        | Killed an anaconda
  2133 | D        | Killed a black mamba
  2133 | D        | Killed a naga mage
  2134 | D        | Killed a greater naga
  2134 | D        | Killed a naga warrior
  2135 | D        | Killed a greater naga
  2135 | D        | Reached skill level 15 in Invocations
  2136 | D        | Killed a naga
  2137 | D        | Killed a naga mage
  2137 | D        | Killed a naga mage
  2137 | D        | Killed a greater naga
  2138 | D        | Killed a black mamba
  2139 | D        | Killed a naga
  2139 | D        | Killed a naga mage
  2140 | D        | Killed a naga warrior
  2141 | D        | Killed a greater naga
  2141 | D        | Killed a naga warrior
  2575 | D        | Got the ring "Skewiunn" {Str+2 Int+5}
  2588 | D        | Entered arena 23.
  2588 | D        | Noticed a vampire mage
  2588 | D        | Noticed a vampire
  2588 | D        | Noticed a shadow
  2590 | D        | Noticed a vampire knight
  2590 | D        | Killed a vampire
  2592 | D        | Noticed a necrophage
  2592 | D        | Noticed a vampire knight
  2592 | D        | Identified a +5 rod of the swarm (9/14)
  2594 | D        | Killed a vampire mage
  2596 | D        | Killed a vampire knight
  2598 | D        | Noticed a vampire mage
  2599 | D        | Noticed a vampire knight
  2599 | D        | Killed a necrophage
  2600 | D        | Noticed a ghoul
  2600 | D        | Noticed a wight
  2600 | D        | Noticed a lich
  2601 | D        | Noticed a ghoul
  2601 | D        | Noticed a wight
  2601 | D        | Noticed a wight
  2601 | D        | Noticed a vampire mage
  2601 | D        | Noticed a necrophage
  2602 | D        | Noticed a shadow
  2602 | D        | Noticed a necromancer
  2602 | D        | Noticed a ghoul
  2602 | D        | Noticed a ghoul
  2602 | D        | Noticed a skeletal warrior
  2603 | D        | Noticed a necromancer
  2603 | D        | Noticed a wight
  2604 | D        | Noticed a wight
  2605 | D        | Noticed a wight
  2605 | D        | Killed a vampire knight
  2606 | D        | Noticed a skeletal warrior
  2607 | D        | Noticed a ghoul
  2607 | D        | Noticed a shadow
  2607 | D        | Killed a necromancer
  2607 | D        | Killed a wight
  2609 | D        | Killed a vampire knight
  2609 | D        | Killed a shadow
  2611 | D        | Killed a wight
  2612 | D        | Killed a vampire mage
  2612 | D        | Killed a wight
  2613 | D        | Killed a wight
  2614 | D        | Killed a ghoul
  2615 | D        | Killed a necromancer
  2616 | D        | Killed a shadow
  2616 | D        | Reached XP level 16. HP: 144/177 MP: 8/31
  2616 | D        | Killed a ghoul
  2621 | D        | Killed a ghoul
  2622 | D        | Killed a lich
  2622 | D        | Reached skill level 15 in Throwing
  2625 | D        | Killed a skeletal warrior
  2625 | D        | Killed a wight
  2625 | D        | Killed a necrophage
  2625 | D        | Killed a wight
  2627 | D        | Killed a ghoul
  2627 | D        | Killed a shadow
  2627 | D        | Killed a vampire mage
  2627 | D        | Killed a ghoul
  2632 | D        | Killed a skeletal warrior
  2657 | D        | Got the ring "Trusted Companion" {rPois Dam+3 SInv}
  2668 | D        | Got the ring of Kecy {rF- Stlth+}
  2817 | D        | Entered arena 24.
  2817 | D        | Noticed a vampire knight
  2817 | D        | Noticed a vampire knight
  2817 | D        | Noticed a vampire
  2822 | D        | Killed a vampire knight
  2827 | D        | Noticed a vampire knight
  2827 | D        | Noticed a ghoul
  2827 | D        | Noticed a necromancer
  2828 | D        | Noticed a shadow
  2828 | D        | Killed a vampire knight
  2829 | D        | Noticed a wight
  2830 | D        | Noticed a shadow
  2830 | D        | Noticed a wight
  2830 | D        | Noticed a ghoul
  2830 | D        | Noticed a shadow
  2830 | D        | Noticed a ghoul
  2830 | D        | Killed a vampire
  2831 | D        | Noticed a wight
  2831 | D        | Noticed a necromancer
  2831 | D        | Noticed a necrophage
  2831 | D        | Killed a wight
  2831 | D        | Killed a shadow
  2832 | D        | Noticed a wight
  2832 | D        | Noticed a lich
  2832 | D        | Noticed a necrophage
  2833 | D        | Noticed a wight
  2833 | D        | Noticed a wight
  2833 | D        | Noticed a necrophage
  2833 | D        | Noticed a skeletal warrior
  2833 | D        | Killed a vampire knight
  2833 | D        | Killed a necromancer
  2833 | D        | Killed a shadow
  2834 | D        | Noticed a necromancer
  2834 | D        | Noticed a shadow
  2834 | D        | Noticed a vampire mage
  2835 | D        | Noticed a shadow
  2835 | D        | Noticed a skeletal warrior
  2835 | D        | Noticed a shadow
  2835 | D        | Killed a skeletal warrior
  2835 | D        | Killed a wight
  2836 | D        | Killed a necrophage
  2837 | D        | Killed a wight
  2837 | D        | Reached skill level 26 in Shields
  2837 | D        | Killed a wight
  2838 | D        | Noticed a wight
  2838 | D        | Noticed a shadow
  2839 | D        | Noticed a necrophage
  2839 | D        | Killed a shadow
  2840 | D        | Noticed a wight
  2840 | D        | Noticed a skeletal warrior
  2840 | D        | Killed a necrophage
  2841 | D        | Noticed a ghoul
  2841 | D        | Killed a skeletal warrior
  2843 | D        | Killed a ghoul
  2843 | D        | Killed a necrophage
  2843 | D        | Killed a necromancer
  2844 | D        | Noticed a wight
  2846 | D        | Killed a shadow
  2846 | D        | Identified a +2 rod of inaccuracy (10/13)
  2847 | D        | Noticed a skeletal warrior
  2847 | D        | Killed a ghoul
  2849 | D        | Killed a ghoul
  2850 | D        | Noticed a necrophage
  2850 | D        | Killed a shadow
  2850 | D        | Killed a wight
  2851 | D        | Killed a lich
  2851 | D        | Reached skill level 27 in Shields
  2852 | D        | Killed a vampire mage
  2853 | D        | Killed a shadow
  2855 | D        | Killed a shadow
  2859 | D        | Killed a necromancer
  2861 | D        | Killed a skeletal warrior
  2861 | D        | Killed a wight
  2863 | D        | Killed a necrophage
  2864 | D        | Killed a ghoul
  2866 | D        | Killed a wight
  2866 | D        | Killed a wight
  2866 | D        | Killed a necrophage
  2868 | D        | Killed a wight
  2869 | D        | Killed a skeletal warrior
  2951 | D        | Identified a +1 cloak of preservation (You found it in the Dungeon)
  2959 | D        | Entered arena 25.
  2984 | D        | Noticed an iron devil
  2985 | D        | Noticed a tormentor
  2985 | D        | Noticed a tormentor
  2986 | D        | Noticed an ice devil
  2987 | D        | Noticed a skeletal warrior
  2987 | D        | Noticed a reaper
  2989 | D        | Killed an iron devil
  2989 | D        | Killed a tormentor
  2990 | D        | Noticed a hell knight
  2990 | D        | Killed a tormentor
  2991 | D        | Noticed a reaper
  2991 | D        | Noticed a hell hog
  2992 | D        | Noticed an iron imp
  2992 | D        | Killed a hell knight
  2993 | D        | Killed a hell hog
  2993 | D        | Killed an ice devil
  2996 | D        | Noticed a blue devil
  2997 | D        | Noticed a reaper
  2997 | D        | Killed a skeletal warrior
  2999 | D        | Noticed a reaper
  3000 | D        | Noticed an ice devil
  3002 | D        | Noticed a tormentor
  3002 | D        | Killed a reaper
  3003 | D        | Noticed a tormentor
  3003 | D        | Killed a blue devil
  3004 | D        | Noticed a blue devil
  3005 | D        | Noticed a tormentor
  3006 | D        | Noticed a wraith
  3006 | D        | Killed a tormentor
  3007 | D        | Noticed a wraith
  3007 | D        | Killed a tormentor
  3007 | D        | Killed a wraith
  3007 | D        | Killed a tormentor
  3008 | D        | Noticed a tormentor
  3008 | D        | Noticed an iron imp
  3008 | D        | Noticed an iron imp
  3008 | D        | Killed an iron imp
  3009 | D        | Noticed a Hell Sentinel
  3009 | D        | Noticed a skeletal warrior
  3009 | D        | Killed a reaper
  3010 | D        | Noticed a red devil
  3010 | D        | Noticed a reaper
  3010 | D        | Killed a reaper
  3010 | D        | Killed a wraith
  3010 | D        | Killed a tormentor
  3011 | D        | Noticed a hellion
  3011 | D        | Killed an ice devil
  3013 | D        | Noticed an iron devil
  3013 | D        | Noticed a tormentor
  3013 | D        | Killed a blue devil
  3015 | D        | Noticed a tormentor
  3015 | D        | Noticed an iron imp
  3016 | D        | Noticed an iron imp
  3016 | D        | Noticed an ice devil
  3016 | D        | Killed a reaper
  3017 | D        | Noticed a skeletal warrior
  3018 | D        | Noticed an iron imp
  3020 | D        | Noticed an iron imp
  3020 | D        | Killed an iron imp
  3020 | D        | Killed an iron imp
  3020 | D        | Killed a skeletal warrior
  3020 | D        | Killed a tormentor
  3020 | D        | Killed an iron imp
  3020 | D        | Killed an iron devil
  3020 | D        | Killed an iron imp
  3020 | D        | Killed an ice devil
  3020 | D        | Killed a tormentor
  3020 | D        | Killed from afar by a Hell Sentinel

Action                   |  1- 3 |  4- 6 |  7- 9 | 10-12 | 13-15 | 16-18 || total
-------------------------+-------+-------+-------+-------+-------+-------++-------
Melee: Broad axe         |     7 |     7 |    14 |    40 |   172 |    53 ||   293
Throw: Javelin           |       |       |       |       |    29 |    16 ||    45
Invok: Upheaval          |       |       |     3 |    14 |    29 |     8 ||    54
       Elemental Force   |       |       |       |     3 |     7 |     1 ||    11
       Disaster Area     |       |       |       |     1 |     2 |     1 ||     4
Evoke: Box of beasts     |       |     1 |       |       |       |       ||     1
       Disc of storms    |       |     2 |     4 |     4 |    11 |     6 ||    27
       Phial of floods   |       |       |       |     2 |     7 |     3 ||    12
       Lamp of fire      |       |       |       |     3 |    11 |     2 ||    16
       Fan of gales      |       |       |       |       |     5 |     1 ||     6
       Stone of tremors  |       |       |       |       |     3 |       ||     3
       Wand              |       |       |       |       |     2 |       ||     2
  Use: Potion            |     1 |       |     3 |     5 |     5 |     5 ||    19
       Scroll            |       |       |       |       |     1 |     1 ||     2
 Stab: Distracted        |       |       |       |       |     2 |       ||     2
